 Dungeon Crawl Stone Soup version 0.20-a0-269-g17f5411 (webtiles) character file.

2977 Dipster the Cleaver (level 9, 0/69 HPs)
             Began as a Demonspawn Fighter on Dec 6, 2016.
             Was an Initiate of Jiyva.
             Slain by an orc warrior
             ... wielding a +0 trident
              (17 damage)
             ... on level 7 of the Dungeon on Dec 8, 2016.
             The game lasted 00:24:23 (10985 turns).

Dipster the Cleaver (Demonspawn Fighter)           Turns: 10985, Time: 00:24:23

Health: 0/69       AC: 15    Str: 22    XL:     9   Next: 53%
Magic:  3/9        EV: 10    Int:  9    God:    Jiyva [......]
Gold:   453        SH:  0    Dex: 17    Spells: 4/8 levels left

rFire  + . .     SeeInvis .     h - -1 dire flail (curse)
rCold  . . .     Gourm    .     I - +5 ring mail of Fuosugod {Dex+3}
rNeg   . . .     Faith    .     (shield currently unavailable)
rPois  .         Spirit   .     (helmet restricted)
rElec  .         Reflect  .     l - +0 cloak
rCorr  .         Harm     .     M - +0 pair of gloves {Str+3}
MR     .....                    w - +0 pair of boots
Stlth  ++........               (no amulet)
                                (no ring)
                                C - ring of stealth

@: very slightly contaminated
A: antennae 1, fire resistance 1
a: Renounce Religion


You were on level 7 of the Dungeon.
You worshipped Jiyva.
Jiyva was noncommittal.
You were hungry.

You visited 2 branches of the dungeon, and saw 8 of its levels.
You also visited: Bailey.

You collected 453 gold pieces.

Inventory:

Hand Weapons
 a - a +0 war axe
 h - a cursed -1 dire flail (weapon)
 z - a +0 battleaxe
 L - a +3 war axe
Missiles
 m - 33 sling bullets
 q - 18 tomahawks (quivered)
 D - 4 needles of confusion
Armour
 b - a +0 scale mail
 c - a +0 shield
 k - a +0 pair of gloves
 l - a +0 cloak (worn)
 t - +0 gold dragon scales
 w - a +0 pair of boots (worn)
 I - the +5 ring mail of Fuosugod (worn) {Dex+3}
   (You found it on level 4 of the Dungeon)

   It affects your dexterity (+3).
 M - a +0 pair of gloves of strength (worn)
Jewellery
 g - an uncursed ring of fire
 C - a ring of stealth (left hand)
Wands
 d - a wand of slowing (18/48)
 E - a wand of random effects (11/48)
 F - a wand of digging (6/24)
 G - a wand of iceblast (6/15)
 O - a wand of flame (31/48)
Scrolls
 o - 2 scrolls of magic mapping
 x - a scroll of fog
 y - a scroll of amnesia
 B - a scroll of immolation
Potions
 e - 4 potions of flight
 j - 2 potions of lignification
 n - 2 potions of degeneration {unknown}
 p - a potion of haste
 s - a potion of heal wounds
 H - a potion of ambrosia {unknown}
Books
 v - a book of Misfortune

   Spells                             Type                      Level
   a - Confusing Touch                Hexes                        1
   b - Confuse                        Hexes                        3
   c - Gell's Gravitas                Hexes/Translocation          3
   d - Petrify                        Transmutation/Earth          4
   e - Metabolic Englaciation         Hexes/Ice                    5
   f - Yara's Violent Unravelling     Hexes/Transmutation          5
Miscellaneous
 A - a sack of spiders
Comestibles
 f - a bread ration
 i - 8 fruits
 u - a royal jelly
 J - 2 slices of pizza


   Skills:
 + Level 6.2 Fighting
 * Level 8.8 Axes
 + Level 5.7 Armour
 - Level 2.6 Shields
 + Level 5.2 Hexes


You had 4 spell levels left.
You knew the following spells:

 Your Spells              Type           Power        Failure   Level  Hunger
a - Confuse               Hex            #.......     24%         3    ####...
b - Confusing Touch       Hex            #.....       10%         1    ##.....


Dungeon Overview and Level Annotations

Branches:
Dungeon (7/15)             Temple (1/1) D:7

Altars:
Ashenzari
Cheibriados
Dithmenos
Elyvilon
Fedhas
Gozag
Hepliaklqana
Kikubaaqudgha
Makhleb
Nemelex Xobeh
Okawaru
Qazlal
Ru
Trog
Uskayaw
Vehumet
Xom
Yredelemnul
Zin
The Shining One
Jiyva

Shops:
D:7 (::[


Innate Abilities, Weirdness & Mutations

You have a pair of small antennae on your head.
Your flesh is heat resistant. (rF+)


Message History

Jiyva says: Divide and consume!
Okay, then.
Casting: Confuse
Confirm with . or Enter, or press ? or * to list all spells.
Aiming: Confuse
Press: ? - help, Shift-Dir - straight line, f - orc warrior
Aim: an orc warrior, wielding a trident and wearing a chain mail (chance to defeat MR: 40%)
You miscast Confuse.
You are very lightly contaminated with residual magic.
Nothing appears to happen.
The orc warrior hits you from afar with a trident!
* * * LOW HITPOINT WARNING * * *
Casting: Confuse
Confirm with . or Enter, or press ? or * to list all spells.
Aiming: Confuse
Press: ? - help, Shift-Dir - straight line, f/p - orc warrior
Aim: an orc warrior, wielding a trident and wearing a chain mail (chance to defeat MR: 40%)
The orc warrior resists with some effort.
The orc warrior hits you from afar with a trident!
You die...

..#...# #...∩.⌠.∩..##
#.......##[#.#.#.#..#
......#.##((⌠.∩.⌠...#
....o.'..))#o#.#.#..#
......###....o......#
..........####.####.#
..........# #..# .#
..........###o####.#
..............o.@..#
#######'############
#####'### #.......#
#.......# #.......#
#.......# #......(#
##....###


You could see an orc warrior and an orc.

Vanquished Creatures
  Pikel (D:6)
  A hippogriff (D:7)
  Sigmund (D:6)
  A wyvern (D:5)
  4 orc warriors
  An ice beast (D:6)
  A sky beast (D:7)
  2 phantoms
  A necrophage (D:7)
  Blork the orc (D:6)
  A scorpion (D:6)
  A water moccasin skeleton (D:5)
  9 wights (D:6)
  A howler monkey (D:5)
  A crimson imp (D:4)
  A centaur zombie (D:4)
  Crazy Yiuf (D:6)
  A hound (D:7)
  An orc priest (D:7)
  An orc wizard (D:3)
  2 iguanas
  2 worker ants
  A killer bee zombie (D:6)
  2 hound zombies
  2 hound skeletons (D:5)
  3 worker ant zombies
  2 howler monkey zombies
  8 adders
  7 gnolls
  2 shadow imps (D:6)
  2 oozes
  An adder skeleton (D:4)
  5 worms
  3 dart slugs
  5 leopard geckos
  28 orcs
  A ball python (D:2)
  6 bats
  5 giant cockroaches
  13 goblins
  12 hobgoblins
  16 jackals
  3 quokkas
  9 frilled lizards
  A goblin zombie (D:4)
  A hobgoblin zombie (D:4)
  6 kobolds
  4 kobold skeletons (D:4)
  A kobold zombie (D:4)
  A leopard gecko skeleton (D:6)
  A leopard gecko zombie (D:4)
  An orc skeleton (D:4)
  7 rats
195 creatures vanquished.

Vanquished Creatures (others)
  3 slaves (D:6)
  A hound skeleton (D:6)
  An ooze (D:6)
  A jackal (D:6)
6 creatures vanquished.

Grand Total: 201 creatures vanquished

Notes
Turn   | Place    | Note
-------+----------+-------------------------------------------
     0 | D:1      | Dipster the Demonspawn Fighter began the quest for the Orb.
     0 | D:1      | Reached XP level 1. HP: 18/18 MP: 1/1
    80 | D:1      | Reached skill level 2 in Axes
   269 | D:1      | Gained mutation: You have a pair of small antennae on your head. [demonic ancestry]
   269 | D:1      | Reached XP level 2. HP: 24/24 MP: 2/2
   740 | D:1      | Reached skill level 3 in Axes
  1044 | D:1      | Reached XP level 3. HP: 27/29 MP: 3/3
  1602 | D:2      | Reached XP level 4. HP: 27/35 MP: 4/4
  1695 | D:2      | Reached skill level 4 in Axes
  2560 | D:2      | Found a blossoming altar of Fedhas.
  2635 | D:2      | Reached XP level 5. HP: 41/41 MP: 5/5
  2682 | D:2      | Found a sacrificial altar of Ru.
  3078 | D:3      | Learned a level 3 spell: Confuse
  3102 | D:3      | Reached skill level 5 in Axes
  3210 | D:3      | Found a shimmering altar of Xom.
  3464 | D:3      | Found a snail-covered altar of Cheibriados.
  3505 | D:3      | Reached skill level 1 in Hexes
  3874 | D:4      | Reached XP level 6. HP: 39/47 MP: 6/6
  4042 | D:4      | Found a glowing golden altar of the Shining One.
  4277 | D:4      | Got an ichor-stained ring mail
  4533 | D:4      | Identified the +5 ring mail of Fuosugod {Dex+3} (You found it on level 4 of the Dungeon)
  4561 | D:5      | Entered Level 5 of the Dungeon
  4851 | D:5      | Noticed a wyvern
  4857 | D:5      | Killed a wyvern
  4857 | D:5      | Reached skill level 6 in Axes
  4857 | D:5      | Gained mutation: Your flesh is heat resistant. (rF+) [demonic ancestry]
  4857 | D:5      | Reached XP level 7. HP: 49/54 MP: 7/7
  5652 | D:6      | Reached XP level 8. HP: 41/61 MP: 8/8
  5884 | D:6      | Reached skill level 7 in Axes
  5974 | D:6      | Found a runed door.
  6004 | D:6      | Found a shattered altar of Ashenzari.
  6041 | D:6      | Noticed Pikel
  6059 | D:6      | Killed Pikel
  6059 | D:6      | Reached skill level 5 in Fighting
  6085 | D:6      | Noticed Blork the orc
  6290 | D:6      | Reached skill level 5 in Armour
  6316 | D:6      | Killed Blork the orc
  6490 | D:6      | Reached skill level 8 in Axes
  6490 | D:6      | Reached XP level 9. HP: 12/68 MP: 9/9
  6582 | D:6      | Noticed Sigmund
  6585 | D:6      | Killed Sigmund
  6782 | D:6      | Upgraded the game from 0.20-a0-268-gb6bde61 to 0.20-a0-269-g17f5411
  6817 | D:6      | Found a hazy altar of Hepliaklqana.
  6962 | D:6      | Found a stormy altar of Qazlal.
  7035 | D:6      | Noticed Crazy Yiuf
  7045 | D:6      | Killed Crazy Yiuf
  7278 | D:7      | Found a flagged portal.
  7383 | Bailey   | Entered a bailey
  8256 | Bailey   | Noticed an orc knight
  8639 | Bailey   | Learned a level 1 spell: Confusing Touch
  9845 | D:7      | Reached skill level 5 in Hexes
 10287 | D:7      | Found a bloodstained altar of Trog.
 10322 | D:7      | Found Gyadi's Armour Shoppe.
 10387 | D:7      | Found Kauh's Book Shoppe.
 10387 | D:7      | Found Itzaasan's Weapon Shoppe.
 10387 | D:7      | Found Houst's Book Shoppe.
 10782 | D:7      | Found a staircase to the Ecumenical Temple.
 10787 | Temple   | Entered the Ecumenical Temple
 10889 | Temple   | Became a worshipper of Jiyva Jief the Shapeless
 10985 | D:7      | Slain by an orc warrior

Vault maps used:
D:1:      erik_arrival_blinker_ship, minmay_misc_feat_pillars
D:2:      lemuel_round_altar, nicolae_ru_sacrificial_ziggurat, first_bread,
          kennysheep_decorative_pillar, minmay_heptomino_o4
D:3:      nicolae_overflow_crystal_walls, lemuel_coloured_pillars_altar,
          bh_chokoban
D:4:      nicolae_tso_besieged_by_evil, serial_undead, serial_undead_e,
          serial_undead_c, serial_undead_c, serial_undead_e
D:6:      kennysheep_little_box, evilmike_ruin_ashenzari, old_standard_altar,
          uniq_pikel, uniq_crazy_yiuf_cottage, uniq_blork_the_orc, uniq_sigmund
D:7:      lightli_temple_of_fire, enter_bailey_3, minmay_shop_grid_forest
Temple:   pf_slimified_temple
Bailey:   bailey_polearm_1, bailey

Skill      XL: |  1  2  3  4  5  6  7  8  9 |
---------------+----------------------------+-----
Axes           | 2 3 4 5 6 8 |  8.8
Hexes          | 1 2 3 4 5 |  5.2
Armour         | 3 4 5 |  5.7
Fighting       | 4 5 6 |  6.2
Shields        | |  2.6

Action                   |  1- 3 |  4- 6 |  7- 9 || total
-------------------------+-------+-------+-------++-------
Melee: War axe           |   144 |   274 |     9 ||   427
       Battleaxe         |       |     3 |   104 ||   107
       Dire flail        |       |       |   221 ||   221
Throw: Tomahawk          |       |       |     6 ||     6
 Cast: Confuse           |       |       |     4 ||     4
Evoke: Wand              |       |       |     8 ||     8
       Sack of spiders   |       |       |     1 ||     1
  Use: Scroll            |     3 |     8 |     6 ||    17
       Potion            |       |       |     5 ||     5
 Stab: Sleeping          |       |     1 |     3 ||     4
  Eat: Chunk             |     3 |     9 |     6 ||    18
       Bread ration      |       |       |     2 ||     2
       Meat ration       |       |       |     1 ||     1
       Beef jerky        |       |       |     1 ||     1
Armor: Scale mail        |    77 |   139 |       ||   216
       Ring mail         |       |     6 |   187 ||   193
Dodge: Dodged            |    57 |    73 |   201 ||   331
Block: Shield            |    85 |   151 |       ||   236
